 Dungeon Sprint DCSS version 0.20.1-1-g8b1a95d (webtiles) character file.

11592 Baril the Earth Mage (level 11, -5/74 HPs)
             Began as a Gargoyle Earth Elementalist on Aug 29, 2017.
             Was the Champion of Vehumet.
             Slain by a lorocyproca (6 damage)
             ... in the Dungeon (Sprint I: "Red Sonja").
             The game lasted 00:49:07 (3313 turns).

Baril the Earth Mage (Gargoyle Earth Elementalist)  Turns: 3313, Time: 00:49:08

Health: -5/74      AC: 14    Str: 17      XL:     11   Next: 80%
Magic:  0/22       EV: 13    Int: 17 (18) God:    Vehumet [******]
Gold:   938        SH:  9    Dex: 10      Spells: 4/35 levels left

rFire    . . .     SeeInvis .   a - +0 war axe
rCold    . . .     Gourm    .   g - +0 shield {AC+3}
rNeg     + . .     Faith    .   c - +0 robe
rPois    ∞         Spirit   .   s - +1 hat
rElec    +         Reflect  .   (no cloak)
rCorr    .         Harm     .   (no gloves)
MR       .....     Rnd*Rage +   r - +0 pair of boots Stlth ++........NoTele +
                                (no amulet)
Regen    0.3/turn               (no ring)
MPRegen  0.2/turn               (no ring)

@: no status effects
A: berserk 1, deterioration 1, low mp 2, negative energy resistance 1,
electricity resistance, strong 2, unbreathing, petrification resistance, rot
immunity, AC +7
a: Renounce Religion


You were in the Dungeon.
You worshipped Vehumet.
Vehumet was exalted by your worship.
You were not hungry.

You visited 1 branch You collected 2523 gold pieces.
You spent 1585 gold pieces at shops.

Inventory:

Hand Weapons
 a - a +0 war axe (weapon)
 b - a +0 blowgun
Missiles
 m - a stone (quivered)
 n - 7 curare-tipped needles
Armour
 c - a +0 robe (worn)
 g - a +0 shield of protection (worn)
 r - a +0 pair of boots (worn)
 s - a +1 hat (worn)
Wands
 i - a wand of random effects (14/48)
 l - a wand of paralysis (9/24)
Scrolls
 d - 2 scrolls of identify {unknown}
 j - a scroll of blinking
 o - a scroll of fear {unknown}
 q - a scroll of remove curse {unknown}
Potions
 e - 4 potions of curing
 f - 2 potions of heal wounds
 h - a potion of magic
 p - a potion of might {unknown}
Books
 k - a book of Geomancy

   Spells                             Type                      Level
   a - Sandblast                      Earth                        1
   b - Passwall                       Transmutation/Earth          2
   c - Stone Arrow                    Conjuration/Earth            3
   d - Petrify                        Transmutation/Earth          4
   e - Lee's Rapid Deconstruction     Earth                        5
 v - a Grand Grimoire

   Spells                             Type                      Level
   a - Monstrous Menagerie            Summoning                    7
   b - Summon Greater Demon           Summoning                    7
   c - Malign Gateway                 Summoning/Translocation      7
   d - Summon Horrible Things         Summoning                    8
 x - a book of Power

   Spells                             Type                      Level
   a - Iskenderun's Battlesphere      Conjuration/Charms           5
   b - Venom Bolt                     Conjuration/Poison           5
   c - Bolt of Magma                  Conjuration/Fire/Earth       5
   d - Iron Shot                      Conjuration/Earth            6
   e - Orb of Destruction             Conjuration                  7
   f - Spellforged Servitor           Conjuration/Summoning        7
Comestibles
 t - 2 fruits
 w - 6 royal jellies


   Skills:
 + Level 11.5 Fighting
 - Level 5.9 Axes
 - Level 8.0 Dodging
 - Level 2.1 Stealth
 - Level 3.9 Shields
 + Level 12.7 Spellcasting
 + Level 12.6 Conjurations
   Level 0.7 Transmutations
 * Level 7.2 Fire Magic
 + Level 16.1 Earth Magic
 - Level 4.9 Evocations


You had 4 spell levels left.
You knew the following spells:

 Your Spells              Type           Power        Failure   Level  Hunger
a - Sandblast             Erth           ######       1%          1    None
b - Stone Arrow           Conj/Erth      ######       1%          3    None
c - Lee's Rapid Deconstr  Erth           ######....   1%          5    ####...
d - Magic Dart            Conj           ####         1%          1    None
e - Iskenderun's Mystic   Conj           ######..     1%          4    ##.....
f - Bolt of Fire          Conj/Fire      #####.....   17%         6    ######.
g - Bolt of Magma         Conj/Fire/Erth ######....   1%          5    ####...
h - Iron Shot             Conj/Erth      ######....   3%          6    ######.


Dungeon Overview and Level Annotations

Branches:
Dungeon (1/1)

Altars:
Cheibriados
Dithmenos
Elyvilon
Fedhas
Gozag
Hepliaklqana
Kikubaaqudgha
Makhleb
Nemelex Xobeh
Okawaru
Qazlal
Ru
Sif Muna
Trog
Uskayaw
Vehumet
Xom
Yredelemnul
Zin
The Shining One
Jiyva
Lugonu

Shops:
D }%}=!*%[=:}[}}(!(%:[:


Innate Abilities, Weirdness & Mutations

You are resistant to torment.
Your stone body is resilient. (AC +7)
You are immune to poison.
You resist negative energy. (rN+)
You are resistant to electric shocks. (rElec)
You can survive without breathing.
You are immune to petrification.
You are immune to rotting.
You tend to lose your temper in combat.
Your body sometimes deteriorates upon taking damage.
Your magical capacity is very low. (-20% MP)
Your muscles are very strong. (Str +4)


Message History

You feel your power leaking away.
Evoke which item? (* to show all) (? for menu, Esc to quit)
Okay, then.
You feel much better. Something hits you!!
You feel your power leaking away.
Evoke which item? (* to show all) (? for menu, Esc to quit)
Aiming: Random Effects
Press: ? - help, Shift-Dir - straight line
Aim: Disturbance (purple smoke) Nothing appears to happen.
This wand has 15 charges left.
Something hits you!!
* * * LOW HITPOINT WARNING * * *
Evoke which item? (* to show all) (? for menu, Esc to quit)
Aiming: Random Effects
Press: ? - help, Shift-Dir - straight line Nothing appears to happen.
This wand has 14 charges left.
Something hits you!
* * * LOW HITPOINT WARNING * * *
You completely miss something. Something hits you.
* * * LOW HITPOINT WARNING * * *
Something hits you.
You die...

#..##(#§≈§§§#..##'####..$#y#
##'#))'§≈§.§'§§#.....#..$###
.').._#§§§§§#.§#§§.§.'..$$$#
##_.#'##§#####.)##§..#.....#
###.#[#..(.###...#..§###++##
###.####'###.##..#..##
.'...'.....'.∩##§#.^#
##...###########{##'#
###.###.......##@##.#
#.#'#.#.....§§.§.####
#.....#...######§#
#.....#.....§§.#§#
#######.....§.#§.#
##...........≈####
##..........≈≈#
###.......≈≈≈## #
###..≈≈≈≈###


There were no monsters in sight!

Vanquished Creatures
  2 centaur warriors (D)
  Sonja (D)
  2 unseen horrors (D)
  A deep troll (D)
  A lindwurm (D)
  8 shining eyes (D)
  An oklob plant (D)
  A gargoyle (D)
  2 kobold demonologists (D)
  4 demonic crawlers (D)
  A hornet (D)
  A slime creature (D)
  Sigmund (D)
  2 redbacks (D)
  A yak (D)
  6 floating eyes (D)
  7 necrophages (D)
  An ogre (D)
  8 jellies (D)
  Ijyb (D)
  2 ballistomycetes (D)
54 creatures vanquished.

Vanquished Creatures (others)
  A gargoyle (D)
  2 ballistomycete spores (D)
3 creatures vanquished.

Grand Total: 57 creatures vanquished

Notes
Turn   | Place    | Note
-------+----------+-------------------------------------------
     0 | D        | Baril the Gargoyle Earth Elementalist began the quest for the Orb.
     0 | D        | Reached XP level 1. HP: 10/10 MP: 3/3
     2 | D        | Noticed Ijyb
    19 | D        | Killed Ijyb
    19 | D        | Reached skill level 5 in Earth Magic
    19 | D        | Reached XP level 2. HP: 12/17 MP: 0/6
    19 | D        | Reached XP level 3. HP: 15/21 MP: 0/8
    38 | D        | Learned a level 3 spell: Stone Arrow
   177 | D        | Noticed an ogre
   181 | D        | Killed an ogre
   181 | D        | Reached skill level 5 in Spellcasting
   181 | D        | Reached skill level 7 in Earth Magic
   181 | D        | Reached XP level 4. HP: 29/29 MP: 4/11
   249 | D        | Noticed Sigmund
   252 | D        | Killed Sigmund
   252 | D        | Reached skill level 5 in Fighting
   252 | D        | Reached skill level 9 in Earth Magic
   252 | D        | Reached XP level 5. HP: 35/35 MP: 9/14
   252 | D        | Reached XP level 6. HP: 40/40 MP: 9/15
   259 | D        | Learned a level 5 spell: Lee's Rapid Deconstruction
   305 | D        | Found a deep blue altar of Sif Muna.
   307 | D        | Found a radiant altar of Vehumet.
   309 | D        | Reached skill level 1 in Conjurations
   318 | D        | Became a worshipper of Vehumet
   371 | D        | Found Bieziwne's Jewellery Emporium.
   371 | D        | Found an ancient bone altar of Kikubaaqudgha.
   371 | D        | Found a hazy altar of Hepliaklqana.
   371 | D        | Found a stormy altar of Qazlal.
   371 | D        | Found a hide-covered altar of Uskayaw.
   371 | D        | Found a blossoming altar of Fedhas.
   371 | D        | Found a bloodstained altar of Trog.
   371 | D        | Found an iron altar of Okawaru.
   371 | D        | Found a basalt altar of Yredelemnul.
   371 | D        | Found a glowing golden altar of the Shining One.
   371 | D        | Found a snail-covered altar of Cheibriados.
   371 | D        | Found a sacrificial altar of Ru.
   371 | D        | Found a glowing silver altar of Zin.
   371 | D        | Found a shadowy altar of Dithmenos.
   371 | D        | Found a white marble altar of Elyvilon.
   371 | D        | Noticed a yak
   374 | D        | Killed a yak
   374 | D        | Reached skill level 10 in Earth Magic
   375 | D        | Found an opulent altar of Gozag.
   376 | D        | Found a sparkling altar of Nemelex Xobeh.
   456 | D        | Noticed Sonja
   461 | D        | Killed Sonja
   461 | D        | Reached skill level 5 in Dodging
   461 | D        | Reached skill level 11 in Earth Magic
   461 | D        | Reached XP level 7. HP: 41/48 MP: 5/19
   461 | D        | Reached XP level 8. HP: 46/53 MP: 5/21
   562 | D        | Found Qagiu's Gadget Boutique.
   570 | D        | Bought a phantom mirror for 390 gold pieces
   580 | D        | Reached * piety under Vehumet
   580 | D        | Offered knowledge of Magic Dart by Vehumet.
   583 | D        | Learned a level 1 spell: Magic Dart
   584 | D        | Reached skill level 1 in Axes
   584 | D        | Reached skill level 12 in Earth Magic
   585 | D        | Noticed a shining eye
   586 | D        | Noticed a shining eye
   589 | D        | Noticed a shining eye
   678 | D        | Noticed a shining eye
   682 | D        | Killed a shining eye
   682 | D        | Offered knowledge of Sting by Vehumet.
   687 | D        | Reached ** piety under Vehumet
   687 | D        | Reached XP level 9. HP: 59/59 MP: 14/22
   692 | D        | Killed a shining eye
   692 | D        | Reached skill level 10 in Spellcasting
   692 | D        | Reached skill level 13 in Earth Magic
   701 | D        | Noticed a shining eye
   703 | D        | Gained mutation: Your magical capacity is low. (-10% MP) [a shining eye]
   704 | D        | Killed a shining eye
   704 | D        | Reached skill level 1 in Evocations
   749 | D        | Gained mutation: Your muscles are strong. (Str +2) [a shining eye]
   754 | D        | Killed a shining eye
   754 | D        | Reached *** piety under Vehumet
   828 | D        | Gained mutation: You tend to lose your temper in combat. [a shining eye]
   829 | D        | Gained mutation: Your muscles are very strong. (Str +4) [a shining eye]
   832 | D        | Noticed a shining eye
   833 | D        | Killed a shining eye
   833 | D        | Offered knowledge of Static Discharge by Vehumet.
   833 | D        | Killed a shining eye
   833 | D        | Reached skill level 10 in Conjurations
   833 | D        | Reached skill level 14 in Earth Magic
   833 | D        | Reached XP level 10. HP: 66/66 MP: 3/22
   920 | D        | Noticed a shining eye
   920 | D        | Gained mutation: Your magical capacity is very low. (-20% MP) [a shining eye]
   922 | D        | Noticed a shining eye
   923 | D        | Gained mutation: Your body sometimes deteriorates upon taking damage. [a shining eye]
   924 | D        | Killed a shining eye
   924 | D        | Reached **** piety under Vehumet
   925 | D        | Killed a shining eye
  1224 | D        | Noticed a deep troll
  1229 | D        | Killed a deep troll
  1229 | D        | Offered knowledge of Throw Icicle by Vehumet.
  1229 | D        | Reached skill level 5 in Axes
  1229 | D        | Reached skill level 1 in Shields
  1275 | D        | Killed a gargoyle
  1291 | D        | Noticed a centaur warrior
  1295 | D        | Noticed a centaur warrior
  1302 | D        | Killed a centaur warrior
  1303 | D        | Killed a centaur warrior
  1303 | D        | Reached skill level 15 in Earth Magic
  1523 | D        | Found a burning altar of Makhleb.
  1523 | D        | Found a viscous altar of Jiyva.
  1523 | D        | Found a shimmering altar of Xom.
  1523 | D        | Found a corrupted altar of Lugonu.
  1529 | D        | Offered knowledge of Iskenderun's Mystic Blast by Vehumet.
  1529 | D        | Reached skill level 10 in Fighting
  1536 | D        | Learned a level 4 spell: Iskenderun's Mystic Blast
  1559 | D        | Noticed a kobold demonologist
  1561 | D        | Noticed a kobold demonologist
  1561 | D        | Killed a kobold demonologist
  1561 | D        | Reached ***** piety under Vehumet
  1561 | D        | Reached XP level 11. HP: 72/72 MP: 11/21
  1561 | D        | Offered knowledge of Bolt of Fire by Vehumet.
  1571 | D        | Learned a level 6 spell: Bolt of Fire
  1612 | D        | Found Mirah's Armour Emporium.
  1620 | D        | Bought a +0 pair of boots for 63 gold pieces
  1620 | D        | Bought a +1 hat for 154 gold pieces
  1660 | D        | Found Onwuruh's Distillery.
  1660 | D        | Found Godi's Gadget Emporium.
  1660 | D        | Found Guppasme's General Store.
  1661 | D        | Found Imocleeg's Food Shoppe.
  1665 | D        | Bought 2 fruits for 42 gold pieces
  1665 | D        | Bought a royal jelly for 28 gold pieces
  1665 | D        | Bought 3 fruits for 63 gold pieces
  1665 | D        | Bought a fruit for 21 gold pieces
  1775 | D        | Noticed an oklob plant
  1898 | D        | Reached skill level 1 in Fire Magic
  2116 | D        | Killed an oklob plant
  2193 | D        | Offered knowledge of Airstrike by Vehumet.
  2268 | D        | Killed an unseen horror
  2272 | D        | Killed an unseen horror
  2272 | D        | Reached skill level 5 in Fire Magic
  2447 | D        | Offered knowledge of Freezing Cloud by Vehumet.
  2608 | D        | Found Diott's Food Boutique.
  2609 | D        | Found Econa's Book Emporium.
  2611 | D        | Found Teluy's Book Emporium.
  2636 | D        | Found Sucw's Antique Weapon Boutique.
  2636 | D        | Found Ijautoargh's Distillery.
  2636 | D        | Found Hogeror's Weapon Shop.
  2636 | D        | Found Sucza's Gadget Emporium.
  2636 | D        | Found Agamuom's Gadget Boutique.
  2636 | D        | Found Uharorouwk's Armour Shoppe.
  2636 | D        | Found Wuwud's Gadget Shop.
  2637 | D        | Bought a royal jelly for 24 gold pieces
  2637 | D        | Bought a royal jelly for 24 gold pieces
  2637 | D        | Bought a royal jelly for 24 gold pieces
  2637 | D        | Bought a royal jelly for 24 gold pieces
  2637 | D        | Bought a royal jelly for 24 gold pieces
  2637 | D        | Bought a royal jelly for 24 gold pieces
  2641 | D        | Found Coriomis's Book Emporium.
  2642 | D        | Found Upoxo's Jewellery Boutique.
  2642 | D        | Found Kubishai's Armour Shoppe.
  2643 | D        | Found Niexiu's Food Shop.
  2653 | D        | Bought a book of Power for 540 gold pieces
  2659 | D        | Learned a level 5 spell: Bolt of Magma
  2762 | D        | Reached ****** piety under Vehumet
  2774 | D        | Offered knowledge of Bolt of Draining by Vehumet.
  2774 | D        | Reached skill level 16 in Earth Magic
  3005 | D        | Noticed a lindwurm
  3122 | D        | Bought 2 potions of heal wounds for 140 gold pieces
  3135 | D        | Learned a level 6 spell: Iron Shot
  3169 | D        | Killed a lindwurm
  3313 | D        | HP: 1/74 [something (5)]
  3313 | D        | Slain by a lorocyproca

Skill      XL: |  1  2  3  4  5  6  7  8  9 10 11 |
---------------+----------------------------------+-----
Fighting       | 2 3 5 7 9 10 11 | 11.5
Dodging        | 2 3 4 5 6 7 8 |  8.0
Spellcasting   | 3 5 6 9 11 12 | 12.7
Earth Magic    | 5 7 9 11 12 14 15 16 | 16.1
Conjurations   | 6 8 10 11 12 | 12.6
Axes           | 2 4 5 |  5.9
Evocations     | 2 4 |  4.9
Shields        | 3 |  3.9
Fire Magic     | 7 |  7.2
Stealth        | |  2.1
Transmutations | |  0.7

Action                   |  1- 3 |  4- 6 |  7- 9 | 10-12 || total
-------------------------+-------+-------+-------+-------++-------
Melee: Unarmed           |     8 |       |       |       ||     8
       War axe           |       |       |     3 |    26 ||    29
 Fire: Blowgun           |       |       |     3 |       ||     3
 Cast: Sandblast         |     8 |     8 |     8 |    21 ||    45
       Stone Arrow       |       |     5 |     7 |    48 ||    60
       Lee's Rapid Decon |       |       |     6 |    16 ||    22
       Magic Dart        |       |       |     1 |       ||     1
       Bolt of Magma     |       |       |       |     5 ||     5
       Iron Shot         |       |       |       |     2 ||     2
       Iskenderun's Myst |       |       |       |     1 ||     1
Evoke: Wand              |       |       |       |     4 ||     4
       Phantom mirror    |       |       |       |     1 ||     1
  Use: Potion            |     3 |       |       |     1 ||     4
  Eat: Bread ration      |       |       |     1 |       ||     1
       Fruit             |       |       |       |     4 ||     4
       Meat ration       |       |       |       |     1 ||     1
       Royal jelly       |       |       |       |     1 ||     1
Armor: Robe              |     1 |       |       |    49 ||    50
Dodge: Dodged            |     5 |     1 |       |    46 ||    52
Block: Shield            |       |       |       |    31 ||    31
